 Dungeon Crawl Stone Soup version 0.24.0-125-gc4c63601f3 (webtiles) character file.

Game seed: 4207488827891860323, levelgen mode: deterministic

1105 Curus the Cruncher (level 8, -5/44 HPs)
             Began as a Gargoyle Gladiator on Mar 2, 2020.
             Slain by Prince Ribbit (9 damage)
             ... on level 6 of the Dungeon.
             The game lasted 00:10:55 (3023 turns).

Curus the Cruncher (Gargoyle Gladiator)             Turns: 3023, Time: 00:10:56

Health: -5/44      AC: 17    Str: 18      XL:     8   Next: 32%
Magic:  8/8        EV: 10    Int:  9      God:
Gold:   149        SH:  0    Dex: 12 (13) Spells: 7/7 levels left

rFire    + . .     SeeInvis .   a - +1 quarterstaff
rCold    + . .     Gourm    .   (shield currently unavailable)
rNeg     + . .     Faith    .   q - +0 scale mail
rPois    ∞         Spirit   .   (helmet restricted)
rElec    +         Reflect  .   r - +0 cloak
rCorr    .         Harm     .   j - +1 pair of gloves
MR       +....                  g - +0 pair of boots
Stlth    ..........             (no amulet)
HPRegen  0.14/turn              l - ring of protection from fire
MPRegen  0.11/turn              i - ring of protection from cold

@: no status effects
A: horns 1, iridescent scales 1, magic resistance 1, negative energy resistance
1, electricity resistance, unbreathing, petrification resistance, rot immunity,
AC +5
a: no special abilities


You were on level 6 of the Dungeon.
You were not hungry.

You visited 1 branch of the dungeon, and saw 5 of its levels.

You collected 149 gold pieces.

Inventory:

Hand Weapons
 a - a +1 quarterstaff (weapon)
Missiles
 d - 4 throwing nets (quivered)
Armour
 b - a +0 leather armour
 c - a +0 helmet
 e - a +0 ring mail
 g - a +0 pair of boots (worn)
 j - a +1 pair of gloves (worn)
 q - a +0 scale mail (worn)
 r - a +0 cloak (worn)
Jewellery
 i - a ring of protection from cold (right hand)
 k - an uncursed ring of ice
 l - a ring of protection from fire (left hand)
 m - an uncursed ring of protection from fire
Scrolls
 h - 6 scrolls of identify
 n - a scroll of teleportation
 p - a scroll of fog
Comestibles
 f - 12 rations


   Skills:
 - Level 2.1 Fighting
 + Level 10.0 Staves
 - Level 1.7 Throwing
 - Level 2.4 Dodging


You had 7 spell levels left.
You didn't know any spells.
Your spell library contained the following spells:

 Spells                   Type           Power        Failure   Level  Hunger
 Magic Dart               Conj           #...         80%         1    ##.....
 Blink                    Tloc           N/A          91%         2    ###....
 Call Imp                 Summ           #.......     91%         2    ###....
 Slow                     Hex            #.......     91%         2    ###....
 Conjure Flame            Conj/Fire      #.......     99%         3    ####...
 Mephitic Cloud           Conj/Pois/Air  #.......     99%         3    ####...


Dungeon Overview and Level Annotations

Branches:
Dungeon (4/15)             Temple (0/1) D:4

Altars:
Ashenzari
Cheibriados
Fedhas
Kikubaaqudgha
Wu Jian

Annotations:
D:6 Prince Ribbit


Innate Abilities, Weirdness & Mutations

You are resistant to torment.
Your stone body is resilient. (AC +5)
You are immune to poison.
You resist negative energy. (rN+)
You are resistant to electric shocks. (rElec)
You can survive without breathing.
You are immune to petrification.
You are immune to rotting.
You have a pair of small horns on your head.
You are partially covered in iridescent scales. (AC +2)
You are resistant to hostile enchantments. (MR+)


Message History

You aren't carrying any items that you can evoke.
Prince Ribbit hits you.
* * * LOW HITPOINT WARNING * * *
You thump Prince Ribbit!
Prince Ribbit is severely wounded.
Prince Ribbit hits you.
* * * LOW HITPOINT WARNING * * *
You hit Prince Ribbit but do no damage. Your headbutt misses Prince Ribbit.
Prince Ribbit is severely wounded.
Prince Ribbit hits you!
* * * LOW HITPOINT WARNING * * *
Prince Ribbit blinks!
Prince Ribbit croaks regally.
Prince Ribbit blinks!
Prince Ribbit blinks!
Prince Ribbit blinks! x2
Prince Ribbit barely misses you. Prince Ribbit barely misses you.
Prince Ribbit hits you!
You die...

...........#.#...##..#.
...........#...........
#...................... ....
....................... ....
..................#....
...............F.......# ...
..... .................#
...... #######.............
......######.@..####.....#..
#..........F...............
#.......##...........##....
#....................# ....
#....................# ...
#..................... ..
#....................
......................
....................


You could see Prince Ribbit.

Vanquished Creatures
  Pikel (D:4)
  Eustachio (D:6)
  Menkaure (D:6)
  Edmund (D:4)
  A hound (D:4)
  An orc priest (D:4)
  A worker ant (D:4)
  A killer bee zombie (D:3)
  Robin (D:3)
  8 adders
  A worm (D:3)
  2 dart slugs
  6 leopard geckos
  4 orcs
  A ball python (D:1)
  6 giant cockroaches
  12 hobgoblins
  8 jackals
  A quokka (D:4)
  3 bats
  2 frilled lizards (D:2)
  5 goblins
  7 kobolds
  A leopard gecko zombie (D:6)
  6 rats
82 creatures vanquished.

Notes
Turn   | Place    | Note
-------+----------+-------------------------------------------
     0 | D:1      | Curus the Gargoyle Gladiator began the quest for the Orb.
     0 | D:1      | Reached XP level 1. HP: 12/12 MP: 1/1
   196 | D:1      | Reached XP level 2. HP: 17/17 MP: 2/2
   257 | D:1      | Gained mutation: You are resistant to hostile enchantments.
                  | (MR+) [potion of mutation]
   257 | D:1      | Gained mutation: You are partially covered in iridescent
                  | scales. (AC +2) [potion of mutation]
   257 | D:1      | Gained mutation: You have a pair of small horns on your
                  | head. [potion of mutation]
   646 | D:1      | Reached skill level 4 in Staves
   660 | D:1      | Reached XP level 3. HP: 3/21 MP: 3/3
  1067 | D:2      | Reached XP level 4. HP: 9/26 MP: 4/4
  1318 | D:2      | Found a shattered altar of Ashenzari.
  1324 | D:2      | Reached skill level 5 in Staves
  1746 | D:3      | Found an ancient bone altar of Kikubaaqudgha.
  1813 | D:3      | Reached XP level 5. HP: 30/30 MP: 5/5
  1877 | D:3      | Found a blossoming altar of Fedhas.
  1958 | D:3      | Noticed Robin
  1971 | D:3      | Killed Robin
  1989 | D:3      | Reached skill level 6 in Staves
  1996 | D:3      | Found an ornate altar of the Wu Jian Council.
  2138 | D:3      | Found a snail-covered altar of Cheibriados.
  2446 | D:4      | Noticed Edmund
  2466 | D:4      | Killed Edmund
  2466 | D:4      | Reached skill level 7 in Staves
  2466 | D:4      | Reached XP level 6. HP: 18/35 MP: 6/6
  2690 | D:4      | Noticed a slave
  2690 | D:4      | Noticed a slave
  2691 | D:4      | Noticed Pikel
  2692 | D:4      | Noticed a slave
  2721 | D:4      | Killed Pikel
  2721 | D:4      | Reached skill level 9 in Staves
  2721 | D:4      | Reached XP level 7. HP: 35/40 MP: 7/7
  2798 | D:4      | Found a staircase to the Ecumenical Temple.
  2810 | D:4      | Reached XP level 8. HP: 25/44 MP: 8/8
  2811 | D:4      | You fall into a shaft and drop 2 floors!
  2811 | D:6      | Noticed Eustachio
  2845 | D:6      | Noticed Menkaure
  2877 | D:6      | Killed Eustachio
  2989 | D:6      | Noticed Prince Ribbit
  2996 | D:6      | Killed Menkaure
  2996 | D:6      | Reached skill level 10 in Staves
  3001 | D:6      | HP: 1/44 [Prince Ribbit (10)]
  3023 | D:6      | Slain by Prince Ribbit

Levels and vault maps discovered:
D:1:      dpeg_arrival_boxorama, layout_basic, serial_forest,
          infiniplex_forest_clump_curved, infiniplex_forest_clump_small,
          infiniplex_forest_corner_1, infiniplex_forest_lined_4_way,
          infiniplex_forest_lined_room_3
D:2:      layout_rooms, evilmike_ruin_ashenzari
D:3:      layout_loops_ring, old_standard_altar, old_standard_altar,
          kennysheep_slug_shrine, overflow_temple_1_default, first_ration,
          hangedman_abyss_or_decor_lesser_grid, minmay_misc_feat_doors,
          minivault_25, uniq_robin
D:4:      layout_basic, minmay_temple_entry_proselytizer, uniq_edmund,
          uniq_pikel
D:6:      layout_basic, nicolae_gozag_zags_fifth_avenue, bloody_makhleb,
          glass_columns_a, uniq_eustachio, uniq_menkaure, uniq_prince_ribbit1

Skill      XL: |  1  2  3  4  5  6  7  8 |
---------------+-------------------------+-----
Staves         | 4 5 7 9 10 | 10.0
Fighting       | |  2.1
Throwing       | |  1.7
Dodging        | |  2.4

Action                   |  1- 3 |  4- 6 |  7- 9 || total
-------------------------+-------+-------+-------++-------
Melee: Quarterstaff      |    98 |   154 |    57 ||   309
       Headbutt          |     9 |    27 |     7 ||    43
Throw: Throwing net      |     1 |       |       ||     1
  Use: Potion            |     6 |     3 |       ||     9
       Scroll            |     5 |     3 |       ||     8
  Eat: Chunk             |     1 |     5 |     1 ||     7
Armor: Ring mail         |    49 |    48 |       ||    97
       Scale mail        |       |    16 |    60 ||    76
Dodge: Dodged            |    59 |    69 |    43 ||   171
